[Event "Late-Titled-Tuesday-Blitz-October-10-2023"]
[Site "Chess.com"]
[Date "2023.10.10"]
[Round "5"]
[White "FaustinoOro"]
[Black "Chesstrainer1"]
[Result "1-0"]
[WhiteElo "2867"]
[BlackElo "2466"]
[TimeControl "180+1"]
[EndTime "14:53:34 PDT"]
[Termination "FaustinoOro won on time"]

1. d4 Nf6 2. Nf3 e6 3. Bg5 c5 4. e3 b6 5. Bd3 Bb7 6. Nbd2 Be7 7. O-O Nc6 8. c3 cxd4 9. exd4 h6 10. Bf4 O-O 11. h3 Rc8 12. Re1 Nd5 13. Bh2 f5 14. c4 Ndb4 15. Bf1 Bf6 16. a3 Na6 17. Nb3 Ne7 18.
Ne5 Nb8 19. Rc1 Nbc6 20. Nf3 Ng6 21. Qd2 Nce7 22. Be2 a5 23. Na1 a4 24. Bd6 Rc6 25.
Qb4 Rf7 26. Bd3 Qa8 27. Ne5 Bxe5 28. dxe5 Nc8 29. Bf1 Nxd6 30. exd6 Qa6 31. c5 Qa7 32. cxb6 Rxb6 33. Qd4 Bd5 34. Rc7 Qa5 35. Rec1 Rxd6 36. Ra7 Qb6 37. Rxa4 Qxd4 38. Rxd4 Rb6 39. b4 Ne5 40.
Rc3 f4 41. f3 Rf8 42. Nc2 g5 43. a4 Rfb8 44. a5 R6b7 45. b5 Rxb5 46. Bxb5 Rxb5 47.
Ra4 Nc6 48. a6 Rb1+ 49. Kh2 Na7 50. Rc7 Nb5 51. Rc8+ Kf7 52. Na3 Ra1 53. a7 Rxa3 54. Rxa3 Nxa3 55. a8=Q Bxa8 56. Rxa8 Nc4 57. Kg1 Ne3 58. Kf2 Nf5 59. Ra7 Ke7 60. Ke2 Nd4+ 61. Kd3 Nc6 62. Ra8 Nb4+ 63. Ke4 Nd5 64. Rh8 Nf6+ 65.
Kd4 1-0

[Event "Late-Titled-Tuesday-Blitz-October-10-2023"]
[Site "Chess.com"]
[Date "2023.10.10"]
[Round "5"]
[White "BigAl"]
[Black "Eloist"]
[Result "1-0"]
[WhiteElo "2597"]
[BlackElo "2435"]
[TimeControl "180+1"]
[EndTime "14:53:37 PDT"]
[Termination "BigAl won on time"]

1. Nf3 Nf6 2. g3 b6 3. Bg2 Bb7 4. O-O e6 5. d3 d5 6. Nbd2 Nbd7 7.
a4 a5 8. e4 dxe4 9. Ng5 Nc5 10. Ngxe4 Ncxe4 11. dxe4 Bc5 12. e5 Bxg2 13. Kxg2 Qd5+ 14.
Qf3 Qxf3+ 15. Kxf3 Nd5 16. c3 O-O 17. Ne4 Be7 18. Ke2 f6 19. exf6 Nxf6 20. Ng5 Rae8 21. Be3 Bd6 22. h3 Nd5 23. Rad1 Nxe3 24. Kxe3 Bc5+ 25.
Ke2 Rf5 26. Ne4 Rd5 27. Rd3 Rxd3 28. Kxd3 Rd8+ 29. Ke2 Be7 30. Rd1 Rd5 31. f3 Kf7 32. Rd3 b5 33. axb5 Rxb5 34. Rd2 Rd5 35. c4 Rxd2+ 36.
Kxd2 Bb4+ 37. Kc2 h6 38. b3 e5 39. Kd3 Ke6 40. g4 g6 41. Ng3 Be1 42. Ne2 Bb4 43. Ke4 Bd2 44. Ng3 Be1 45. Nf1 Bb4 46. Ne3 Bc3 47.
Nd5 Be1 48. Nxc7+ Kd7 49. Nd5 Ke6 50. Nc7+ Kd7 51. Nd5 Ke6 52. Ne3 h5 53. gxh5 gxh5 54.
Ng2 Bf2 55. Ne3 Bg1 56. Nf5 Bc5 57. Ng7+ Kf6 58. Nxh5+ Kg6 59. Ng3 Bf2 60. Ne2 1-0

[Event "Late-Titled-Tuesday-Blitz-October-10-2023"]
[Site "Chess.com"]
[Date "2023.10.10"]
[Round "5"]
[White "Cayse"]
[Black "BogdanDeac"]
[Result "0-1"]
[WhiteElo "2857"]
[BlackElo "3018"]
[TimeControl "180+1"]
[EndTime "14:53:38 PDT"]
[Termination "BogdanDeac won on time"]

1. e4 c6 2. Nf3 d5 3. d3 Nd7 4. Nc3 Ngf6 5. e5 d4 6. exf6 dxc3 7. bxc3 Nxf6 8. d4 Qa5 9. Bd3 Qxc3+ 10. Bd2 Qa3 11.
O-O g6 12. Ne5 Bg7 13. Rb1 Qd6 14. Bb4 Qc7 15. Bc4 O-O 16. Re1 Nd5 17. Bxd5 cxd5 18. Rb3 Be6 19. Rc3 Qd8 20. h4 Rc8 21. Rxc8 Bxc8 22.
h5 Re8 23. Qf3 Bf5 24. g4 Be6 25. hxg6 hxg6 26. Nxg6 Bxd4 27. Qf4 Bg7 28. Qg5 Qb6 29. Nxe7+ Rxe7 30. Bxe7 Qd4 31. Bd6 Qc3 32. Re3 Qxc2 33. Qd8+ Kh7 34. Qh4+ Kg8 35. Rh3 Qb1+ 36. Kh2 f6 37.
Qh5 Bf7 38. Qf5 Qxf5 39. gxf5 d4 40. a3 Bd5 41. Rd3 Be4 42. Rxd4 Bxf5 43. Bc5 a6 44. Rd8+ Kf7 45. Rb8 Be4 46. Kg3 Bc6 47. Bd4 Bf8 48. Rd8 Bxa3 49. f4 Be7 50. Rc8 Ke6 51. Rc7 Bd6 52.
Rg7 a5 53. Rg6 Be7 54. Rg7 a4 55. Kg4 Be4 56. Bb2 b5 57. Kg3 Bd6 58. Rg8 a3 59.
Ba1 Kf5 60. Rd8 Bxf4+ 61. Kf2 Be5 62. Bxe5 Kxe5 63. Rd2 b4 64. Ke3 b3 0-1

[Event "Late-Titled-Tuesday-Blitz-October-10-2023"]
[Site "Chess.com"]
[Date "2023.10.10"]
[Round "5"]
[White "kleinebeer98"]
[Black "SaqoChess_Twitch"]
[Result "1-0"]
[WhiteElo "2861"]
[BlackElo "2622"]
[TimeControl "180+1"]
[EndTime "14:53:39 PDT"]
[Termination "kleinebeer98 won on time"]

1. e4 c5 2. Nf3 d6 3. d4 cxd4 4. Nxd4 Nf6 5. Nc3 g6 6. h3 Bg7 7. Nf3 Nc6 8. Bc4 O-O 9. O-O a6 10. Re1 b5 11. Bb3 Bb7 12. Bg5 h6 13. Bh4 Na5 14.
Qe2 Nxb3 15. cxb3 Rc8 16. Rad1 Qa5 17. e5 dxe5 18. Nxe5 g5 19. Bg3 b4 20. Na4 Rcd8 21. Nc4 Qb5 22. Rxd8 Rxd8 23. Qxe7 Re8 24. Nd6 Rxe7 25.
Rxe7 Qd5 26. Rxb7 Nh5 27. Rb8+ Kh7 28. Nc4 Nxg3 29. fxg3 Qd1+ 30. Kh2 Bd4 31. g4 Qg1+ 32.
Kg3 Qe1+ 33. Kf3 Qf2+ 34. Ke4 Qf4+ 35. Kd5 Qxb8 36. Kxd4 Qf4+ 37. Kc5 Qf2+ 38. Kxb4 Qxg2 39. Nc5 Qxh3 40. Ne4 Qf3 41. Ncd6 f5 42. gxf5 g4 43. Nf6+ Kg7 44. Nd7 Qf4+ 45. Kc5 Qc1+ 46. Kb6 Qe3+ 47.
Kc7 Qf4 48. f6+ Kg6 49. f7 g3 50. f8=Q Qxf8 51. Nxf8+ Kh5 52. Ne6 Kg4 53. Nc4 h5 54. Ne3+ Kf3 55. Nf5 g2 56. Nh4+ Kg3 57. Nxg2 Kxg2 58.
Nf4+ Kf3 59. Nxh5 Ke4 60. Kb6 Kd3 61. Kxa6 Kc2 62. b4 Kxb2 63. b5 Ka3 64. b6 Kb2 65.
b7 Kxa2 66. b8=Q Ka3 67. Qb5 Ka2 68. Qb4 Ka1 69. Kb5 Ka2 70. Kc4 Ka1 71. Kc3 1-0

[Event "Late-Titled-Tuesday-Blitz-October-10-2023"]
[Site "Chess.com"]
[Date "2023.10.10"]
[Round "5"]
[White "AlexOstrovskiy"]
[Black "cthulhuuu"]
[Result "0-1"]
[WhiteElo "2606"]
[BlackElo "2476"]
[TimeControl "180+1"]
[EndTime "14:53:44 PDT"]
[Termination "cthulhuuu won by resignation"]

1. e4 d6 2. b3 Nf6 3. Nc3 g6 4.
Bb2 Bg7 5. d4 O-O 6. Qd2 c5 7.
dxc5 dxc5 8. Qxd8 Rxd8 9. f3 Nc6 10. a3 Bh6 11. Bd3 Nd4 12. Rd1 e5 13. Nge2 Be6 14.
h4 a6 15. Kf2 b5 16. g4 g5 17.
Bc1 c4 18. bxc4 bxc4 19. hxg5 cxd3 20. cxd3 Nxg4+ 21. fxg4 Bf8 22. Nxd4 exd4 23. Ne2 Bxg4 24. Rd2 Be7 25. Rg1 Be6 26. Nf4 Bb3 27. Rb2 Rab8 28.
Rd2 a5 29. Bb2 a4 30. Ne2 Bc5 31. Rc1 Rdc8 32. Ke1 Be7 33. Rxc8+ Rxc8 34. Bxd4 Bxg5 35. Rb2 Be7 36. Kf2 Bxa3 37. Rb1 Be7 38. Rg1+ Kf8 39.
Nc1 Rc2+ 40. Kf3 Be6 41. Ne2 a3 42. Nc3 a2 43. Nxa2 Rxa2 44. Rh1 Kg8 45. Rg1+ Kf8 46. Rh1 Ra3 47. Ke3 Bg5+ 48. Ke2 Bg4+ 49. Kf2 Rxd3 50. Be5 h5 51. Ra1 f6 52. Ra8+ Kf7 53. Ra7+ Kg6 54. Bc7 h4 55. Ra8 h3 56. Rg8+ Kf7 57. Rh8 Rc3 58.
Bd6 Ke6 59. Bb8 Rf3+ 60. Ke1 Bf4 61. Bxf4 Rxf4 62. Kd2 Ke5 0-1

[Event "Late-Titled-Tuesday-Blitz-October-10-2023"]
[Site "Chess.com"]
[Date "2023.10.10"]
[Round "5"]
[White "NigelDwarf"]
[Black "falzehope0"]
[Result "1-0"]
[WhiteElo "2547"]
[BlackElo "2355"]
[TimeControl "180+1"]
[EndTime "14:53:44 PDT"]
[Termination "NigelDwarf won by checkmate"]

1. Nf3 d5 2. c4 e6 3. g3 f5 4.
Bg2 Bd6 5. O-O f4 6. cxd5 fxg3 7. hxg3 exd5 8. Nc3 Nf6 9. Nb5 O-O 10. Nxd6 Qxd6 11. d4 Ng4 12. Bf4 Qg6 13. Ne5 Nxe5 14. dxe5 c6 15. Qb3 Na6 16. Rac1 Nc7 17. e4 Ne6 18.
exd5 Nxf4 19. gxf4 cxd5 20. Qg3 Qh6 21. Rc7 Be6 22.
Rfc1 Kh8 23. Re7 Rac8 24. Rxc8 Rxc8 25. Rxb7 a5 26. Qg5 Rc1+ 27. Bf1 Qxg5+ 28. fxg5 g6 29. Kg2 d4 30. Rb8+ Kg7 31. Be2 Bd5+ 32. Bf3 Bxf3+ 33.
Kxf3 Kf7 34. Rd8 Rd1 35. Ke4 Ke6 36. Re8+ Kd7 37. Ra8 Ke6 38. Ra6+ Ke7 39. Rd6 Rf1 40. f4 Re1+ 41. Kxd4 Rd1+ 42. Ke4 Rxd6 43. exd6+ Kxd6 44. b3 Kc5 45. Kd3 Kb4 46. Kc2 Ka3 47. Kb1 Kb4 48.
Kb2 Kc5 49. Kc3 Kd5 50. b4 axb4+ 51. Kxb4 Ke4 52. a4 Kxf4 53. a5 Kxg5 54. a6 h5 55. a7 Kh4 56. a8=Q g5 57. Qh1+ Kg4 58. Kc3 h4 59.
Kd2 Kg3 60. Ke2 g4 61. Kf1 h3 62.
Qg1+ Kh4 63. Kf2 Kg5 64. Kg3 Kh5 65. Qf2 Kg5 66. Qf4+ Kg6 67. Qxg4+ Kf6 68. Qxh3 Ke5 69. Qg4 Kd5 70. Qf4 Ke6 71. Kg4 Ke7 72. Qf5 Kd6 73. Kg5 Ke7 74. Qg6 Kd7 75. Kf5 Ke7 76. Ke5 Kd7 77. Qe6+ Kc7 78. Kd5 Kb7 79. Kc5 Kc7 80.
Qe7+ Kb8 81. Kb6 Kc8 82. Qc7# 1-0

[Event "Late-Titled-Tuesday-Blitz-October-10-2023"]
[Site "Chess.com"]
[Date "2023.10.10"]
[Round "5"]
[White "giomar27"]
[Black "Grossboss19"]
[Result "1/2-1/2"]
[WhiteElo "2289"]
[BlackElo "2493"]
[TimeControl "180+1"]
[EndTime "14:53:44 PDT"]
[Termination "Game drawn by stalemate"]

1. e4 c5 2. Nc3 Nc6 3. Nf3 a6 4. a4 g6 5. g3 Bg7 6. Bg2 e6 7.
O-O Nge7 8. d3 O-O 9. Bg5 h6 10.
Be3 d6 11. Qd2 g5 12. h3 f5 13. Nh2 Ng6 14. exf5 exf5 15. f4 gxf4 16. Bxf4 Nxf4 17. Qxf4 Nd4 18. Qd2 Kh8 19. Nd5 Be6 20. Rae1 Bxd5 21. Bxd5 Ra7 22. c3 Nc6 23. Nf3 Ne5 24. Nh4 Qg5 25.
Qxg5 hxg5 26. Nxf5 b5 27. Nxg7 Kxg7 28. Rxf8 Kxf8 29.
d4 Nd3 30. Rf1+ Kg7 31. b3 Re7 32. axb5 axb5 33. dxc5 dxc5 34. Kg2 Re3 35. Rf7+ Kg6 36. Rb7 b4 37. cxb4 cxb4 38. Bf7+ Kf6 39. Bc4 Ne1+ 40.
Kf2 Nc2 41. Rb6+ Ke5 42. Re6+ Kd4 43. Rxe3 Nxe3 44. Bf7 Nf5 45. Kf3 Ke5 46. Bc4 Kf6 47. Bd3 Nd4+ 48. Kg4 Nxb3 49. h4 gxh4 50. gxh4 Nc5 51.
Bb1 b3 52. Kf4 Na4 53. Bd3 b2 54. h5 Nc3 55. h6 Nd5+ 56. Kg4 Ne3+ 57. Kf3 Nc4 58.
Bc2 Na3 59. Bd3 Nb5 60. h7 Kg7 61. Ke4 Nc3+ 62. Ke3 Nd5+ 63. Kd2 Nb4 64. Bb1 Kh8 65. Kc3 Nd5+ 66. Kxb2 Ne7 67. Kb3 Kg7 68. Kc4 Kh8 69. Kc5 Ng6 70. Kd6 Nh4 71. Ke7 Ng2 72. Kf6 Ne3 73.
Kg5 Nd1 74. Kh6 Nc3 75. Bc2 Nb1 76. Bxb1 1/2-1/2

[Event "Late-Titled-Tuesday-Blitz-October-10-2023"]
[Site "Chess.com"]
[Date "2023.10.10"]
[Round "5"]
[White "Krakozia"]
[Black "Firouzja2003"]
[Result "0-1"]
[WhiteElo "2984"]
[BlackElo "3061"]
[TimeControl "180+1"]
[EndTime "14:53:46 PDT"]
[Termination "Firouzja2003 won on time"]

1. e4 c5 2. Nf3 d6 3. d4 cxd4 4. Nxd4 Nf6 5. Nc3 a6 6. a4 e6 7. a5 Be7 8. Bd3 O-O 9. O-O Bd7 10. Be3 Nc6 11. Nb3 Nb4 12. Bb6 Qc8 13. f4 Bc6 14.
Qe2 Nd7 15. Bf2 e5 16. Be3 Re8 17. Kh1 Nf6 18. fxe5 dxe5 19. Bc4 Bd7 20. Bd3 Bg4 21. Qe1 Rd8 22. Nc1 Rxd3 23. Nxd3 Nxc2 24. Qg3 Nxa1 25. Rxa1 Be6 26. Qxe5 Ng4 27. Qg3 Nxe3 28. Qxe3 Qc4 29. Nf4 Bg5 30. Qg3 Bxf4 31. Qxf4 Qb4 32. Qd2 h6 33. h3 Rc8 34. Qf2 Qc5 35. Qxc5 Rxc5 36. Kg1 h5 37. Kf2 h4 38. Ke3 Kf8 39. Kf4 f6 40.
Ke3 Bd7 41. Ne2 Rb5 42. Rd1 Be8 43. Rd2 Rxa5 44. Nd4 Bd7 45. Nf3 Bc6 46. Nxh4 Rb5 47. Nf3 Rb3+ 48. Kf4 Rb4 49. Nd4 Bd7 50. e5 Ke7 51.
exf6+ Kxf6 52. g4 g5+ 53. Ke3 Be8 54. Rf2+ Ke7 55. Nf5+ Kd7 56. Nd4 Bg6 57. Rf6 Bb1 58. b3 Ba2 59. Rf2 Bb1 60. Rb2 Bg6 61. Rf2 a5 62.
Rf6 Bb1 63. Rf1 Bg6 64. Rf2 b6 65. Rh2 Kd6 66. h4 Kd5 67. h5 Bh7 68. Nf3 Rxg4 69. Rd2+ Kc5 0-1

[Event "Late-Titled-Tuesday-Blitz-October-10-2023"]
[Site "Chess.com"]
[Date "2023.10.10"]
[Round "5"]
[White "GaiozNigalidze"]
[Black "Gentlejimmy7"]
[Result "1-0"]
[WhiteElo "2724"]
[BlackElo "2498"]
[TimeControl "180+1"]
[EndTime "14:53:46 PDT"]
[Termination "GaiozNigalidze won by resignation"]

1. d4 f5 2. c4 Nf6 3. g3 g6 4. Bg2 Bg7 5. Nc3 O-O 6. e3 d6 7. d5 c6 8. Nge2 e5 9. dxe6 Bxe6 10. b3 Qc7 11. O-O Bf7 12. Ba3 Rd8 13. Qd2 Na6 14. Rad1 Nc5 15. Nd4 Qe7 16. Qc2 Re8 17. Rfe1 Rad8 18.
Bb2 Nfe4 19. Nxe4 Nxe4 20. Ne2 Bxb2 21. Qxb2 Qe5 22. Qxe5 Rxe5 23. Bxe4 Rxe4 24. Nc3 Re7 25. Rd4 Red7 26. Red1 Kg7 27. h4 Kf6 28. c5 d5 29. e4 Be6 30. exd5 Bxd5 31. f4 Be6 32. Rxd7 Rxd7 33. Rxd7 Bxd7 34. Kf2 h6 35. Ke3 g5 36. hxg5+ hxg5 37. Kd4 Be6 38. b4 Bf7 39. a3 Be6 40. Nd1 Bf7 41. Nf2 gxf4 42. gxf4 Bh5 43. Nd3 Bf7 44.
Ne5 Be6 45. a4 Ke7 46. b5 Bd5 47. Kc3 Ke6 48. b6 axb6 49. cxb6 c5 50. a5 Kd6 51. Ng6 Be4 52. Ne5 Bd5 53. Kd3 Bg2 54. Kc2 Be4+ 55.
Kb2 Bd5 56. Ka3 Be4 57. Ka4 Bc2+ 58. Kb5 Be4 59. a6 bxa6+ 60. Kxa6 c4 61. Nxc4+ Kc5 62. Ne5 Kd4 63. b7 Bxb7+ 64. Kxb7 Kd5 65. Kb6 Ke4 66. Ng6 Kd5 67. Kb5 Ke6 68. Kc5 Kf6 69.
Ne5 Kg7 70. Kd5 Kh6 71. Ke6 Kh5 72. Kxf5 1-0

[Event "Late-Titled-Tuesday-Blitz-October-10-2023"]
[Site "Chess.com"]
[Date "2023.10.10"]
[Round "5"]
[White "ThaBarWa"]
[Black "Freefresh"]
[Result "0-1"]
[WhiteElo "2417"]
[BlackElo "2737"]
[TimeControl "180+1"]
[EndTime "14:53:46 PDT"]
[Termination "Freefresh won on time"]

1. d4 g6 2. c4 Bg7 3. e4 b6 4. Nc3 Bb7 5. Be3 d6 6. Qd2 e6 7.
f3 Nd7 8. Bd3 Ne7 9. Nge2 h6 10.
O-O-O a6 11. h4 b5 12. cxb5 axb5 13. Bxb5 Qb8 14. Kb1 Bc6 15. Bd3 Nb6 16. Rhe1 Kd7 17. Qc2 Qa7 18. b3 Rhb8 19. d5 exd5 20. exd5 Nexd5 21. Nxd5 Qxa2+ 22. Qxa2 Nxd5 23. Qxa8 Rxa8 24. Bd4 Bxd4 25.
Nxd4 Nc3+ 26. Kb2 Nxd1+ 27. Rxd1 Bd5 28. Be4 Bxe4 29. fxe4 Re8 30. Re1 f5 31. h5 c5 32.
Nc2 gxh5 33. exf5 Rf8 34. Ne3 Kc6 35. Rh1 Re8 36. Nc2 Re2 37. Rxh5 Rxg2 38. Rxh6 Rf2 39. Rf6 Kd5 40. Kc3 Ke5 41. Rf8 d5 42. f6 Rf3+ 43.
Kb2 Rxf6 44. Rxf6 Kxf6 45. Kc3 Ke5 46. Ne1 Ke4 47. Nd3 c4 48. Nc5+ Ke5 49. b4 Kd6 50. Kd4 Kc6 51. Kc3 Kb5 52. Ne6 Kb6 53. Nd4 Ka6 54. Kb2 Kb6 55. Ka3 Ka6 56. Ka4 Kb6 57.
Ne2 Ka6 58. b5+ Kb7 59. Ka5 Ka7 60. b6+ Kb7 61. Kb5 Kb8 62. Ka6 c3 63. Nxc3 d4 64.
Ne4 d3 0-1

[Event "Late-Titled-Tuesday-Blitz-October-10-2023"]
[Site "Chess.com"]
[Date "2023.10.10"]
[Round "5"]
[White "JonasGallasch"]
[Black "Alphafischer2019"]
[Result "0-1"]
[WhiteElo "2411"]
[BlackElo "2582"]
[TimeControl "180+1"]
[EndTime "14:53:49 PDT"]
[Termination "Alphafischer2019 won by resignation"]

1. d4 Nf6 2. c4 b6 3. Nf3 Bb7 4.
g3 g6 5. Bg2 Bg7 6. O-O O-O 7.
d5 Na6 8. Nc3 Nc5 9. Nd4 a5 10.
e4 d6 11. Re1 Nfd7 12. f4 e5 13. dxe6 fxe6 14. Be3 Re8 15. Qc2 Qe7 16. Rad1 Qf7 17. Ndb5 Nf6 18. Bd4 e5 19. fxe5 dxe5 20. Bxc5 bxc5 21.
Nd5 Nxd5 22. cxd5 Bf8 23. Rf1 Qg7 24. Qc4 Bd6 25. Bh3 Bc8 26. Bxc8 Raxc8 27. Rf3 Rf8 28. Rdf1 Rxf3 29. Rxf3 Rf8 30. Rxf8+ Qxf8 31. Qf1 Qh6 32.
Qe2 Qc1+ 33. Kg2 Kg7 34. Na3 h5 35. Nc4 a4 36. b3 axb3 37. axb3 Qb1 38. Qf3 Qc2+ 39.
Kh3 Qc1 40. g4 hxg4+ 41. Kxg4 Be7 42. Kg3 Qg1+ 43. Kh3 Bf6 44. Qg2 Qe1 45. Qg4 Qf2 46.
Qg3 Qf1+ 47. Qg2 Qf4 48. Qg4 Qc1 49. Qd7+ Kh6 50. Qg4 Qc2 51. Qf3 Kg7 52. Ne3 Qd2 53.
Ng4 Qf4 54. Qxf4 exf4 55. e5 Be7 56. Kg2 g5 57. Kf3 Kg6 58. h4 gxh4 59. Kxf4 Bg5+ 60.
Kf3 Kf5 61. e6 Be7 62. Ne3+ Ke5 63. Kg4 Bf6 64. Ng2 Kxd5 65. Nxh4 Bxh4 66. Kxh4 Kxe6 67. Kg4 Kd5 68. Kf3 Kd4 69. Ke2 Kc3 0-1

[Event "Late-Titled-Tuesday-Blitz-October-10-2023"]
[Site "Chess.com"]
[Date "2023.10.10"]
[Round "5"]
[White "Giorno"]
[Black "Zampronha1971"]
[Result "0-1"]
[WhiteElo "2510"]
[BlackElo "2298"]
[TimeControl "180+1"]
[EndTime "14:53:49 PDT"]
[Termination "Zampronha1971 won by checkmate"]

1. e4 c5 2. b4 d5 3. exd5 Qxd5 4. Ne2 e5 5. Nbc3 Qd8 6. b5 Nf6 7. g3 g6 8. Bg2 Bg7 9. O-O O-O 10. Bb2 Qc7 11.
a4 Nbd7 12. h3 Rb8 13. d3 b6 14. Qd2 Bb7 15. Ne4 Nxe4 16. dxe4 Rfd8 17. Qe3 Nf8 18.
Rfd1 Ne6 19. c3 h6 20. h4 Rxd1+ 21. Rxd1 Rd8 22. Qc1 Rxd1+ 23. Qxd1 Qd8 24. Qxd8+ Nxd8 25. c4 Ne6 26. Bc3 Nd4 27. Kf1 Nxe2 28. Kxe2 f5 29.
Bf3 fxe4 30. Bg2 h5 31. Bb2 Kf7 32. Bc1 Ke6 33. Bg5 Bf6 34. Bh3+ Ke7 35. Ke3 Bxg5+ 36.
hxg5 Kf7 37. Bg2 Ke6 38. Bxe4 Bxe4 39. Kxe4 Kd6 40. f4 exf4 41. gxf4 Ke6 42. f5+ gxf5+ 43. Kf4 h4 44. Kf3 Ke5 45. Kg2 f4 46. Kh3 Kf5 47.
Kxh4 f3 48. Kg3 Kxg5 49. Kxf3 Kf5 50. Ke3 Ke5 51. Kd3 Kf4 52. Kc3 Ke4 53. Kb3 Kd4 54.
a5 Kd3 55. a6 Kd4 56. Ka4 Kxc4 57. Ka3 Kxb5 58. Kb3 Kxa6 59. Kc3 Kb7 60. Kc4 a6 61.
Kd5 Kc7 62. Kc4 Kc6 63. Kd3 b5 64. Kc3 Kd5 65. Kc2 a5 66. Kb2 a4 67. Kc2 b4 68.
Kb2 Kd6 69. Kc2 Kc6 70. Kb2 Kb5 71. Kb1 c4 72. Kc1 Kc5 73. Kb1 Kd5 74. Kc1 Kd4 75. Kb1 Kd3 76. Ka1 Kc3 77. Kb1 Kb3 78. Ka1 c3 79. Kb1 Kc4 80. Ka1 Kd3 81. Kb1 Kd2 82. Ka2 c2 83. Kb2 c1=Q+ 84. Ka2 b3# 0-1

[Event "Late-Titled-Tuesday-Blitz-October-10-2023"]
[Site "Chess.com"]
[Date "2023.10.10"]
[Round "5"]
[White "Alex_Sahakyan2006"]
[Black "Angry_Twin"]
[Result "1-0"]
[WhiteElo "2742"]
[BlackElo "2938"]
[TimeControl "180+1"]
[EndTime "14:53:55 PDT"]
[Termination "Alex_Sahakyan2006 won by checkmate"]

1. e4 c5 2. Nc3 d6 3. Nf3 Nf6 4.
e5 dxe5 5. Nxe5 a6 6. a4 g6 7. Bc4 e6 8. Qf3 Bg7 9. d3 O-O 10. O-O Nbd7 11. Nxd7 Nxd7 12. Bb3 Ne5 13. Qg3 Nc6 14. Be3 Nd4 15. Bxd4 Qxd4 16. a5 Bd7 17.
Ba4 Rad8 18. Bxd7 Rxd7 19. Ra4 Qd6 20. Qxd6 Rxd6 21. Rc4 Rc8 22. Ra1 f5 23. Ra3 Rd4 24.
Rb3 Rxc4 25. dxc4 Rc7 26. Na4 Rd7 27. Kf1 Rc7 28. Rd3 Bf6 29. Ke2 Kf7 30. Rd6 Ke7 31. Rb6 g5 32. h3 Be5 33. f3 h5 34. g4 fxg4 35. fxg4 h4 36. Kf3 Bf4 37. Ke4 Kf6 38.
Nc3 Rd7 39. Nd5+ Kf7 40. Nxf4 Rd4+ 41. Ke5 gxf4 42. Rxb7+ Kg6 43. Rb6 f3 44. Rxe6+ Kg5 45. Rf6 Rxc4 46. Rf5+ Kg6 47. c3 Ra4 48. Rxf3 Rxa5 49.
Kd5 Rb5 50. Rf2 Kg5 51. Kc4 Kg6 52. b3 Ra5 53. Rf5 Ra2 54. Rh5 a5 55. Rxh4 a4 56.
bxa4 Rxa4+ 57. Kxc5 Rf4 58. Rh5 Rf3 59. c4 Rd3 60.
Kb6 Rb3+ 61. Rb5 Rxh3 62. c5 Kf7 63. c6 Ke7 64. c7 Rc3 65. Kb7 Kd7 66. Rd5+ Ke6 67. Rd4 Rb3+ 68. Kc6 Rc3+ 69. Kb6 Ke7 70. Rd8 Rb3+ 71. Ka5 Rg3 72. c8=Q Re3 73. Re8+ Kf6 74. Qf5+ Kg7 75. Rxe3 Kh6 76. Qf6+ Kh7 77. Rh3+ Kg8 78. Rh8# 1-0

[Event "Late-Titled-Tuesday-Blitz-October-10-2023"]
[Site "Chess.com"]
[Date "2023.10.10"]
[Round "5"]
[White "luizzy"]
[Black "wild3000"]
[Result "1-0"]
[WhiteElo "2544"]
[BlackElo "2310"]
[TimeControl "180+1"]
[EndTime "14:53:58 PDT"]
[Termination "luizzy won by resignation"]

1. b3 a5 2. c4 e6 3. Bb2 d5 4. Nf3 Nf6 5. e3 Be7 6. Be2 O-O 7.
O-O b6 8. d4 Bb7 9. Ne5 Nbd7 10. Nc3 Nxe5 11. dxe5 Ne4 12. Nxe4 dxe4 13. Qc2 Qd7 14.
Rfd1 Qc6 15. h3 Rfd8 16. Rd4 Bc5 17. Rxd8+ Rxd8 18. Rd1 Rxd1+ 19. Qxd1 Be7 20. Qd4 h6 21. Bd1 Kf8 22. Bc2 Ke8 23. Kf1 Bc5 24. Qd1 Qd7 25.
Bd4 Be7 26. Qg4 g6 27. Bxe4 Bxe4 28. Qxe4 c5 29. Bc3 Qd1+ 30. Be1 Kf8 31. Qg4 Qd3+ 32. Qe2 Qb1 33. f4 h5 34. g3 Kg7 35. Kf2 h4 36.
g4 Qe4 37. Bc3 a4 38. Kg1 a3 39. Kh2 Bd8 40. Qf2 g5 41. f5 Bc7 42. fxe6 Bxe5+ 43. Kg1 Qb1+ 44. Be1 fxe6 45. Kg2 Qb2 46. Kf3 Qxf2+ 47. Bxf2 Kf6 48. Ke4 Bb2 49. Be1 Be5 50. Bd2 Bb2 51. b4 Be5 52. bxc5 bxc5 53. Ba5 Bd6 54. Bd8+ Be7 55. Bxe7+ Kxe7 56. Ke5 Kd7 57. Kf6 Kd6 58. Kxg5 Ke5 59. Kxh4 Ke4 60. g5 Kxe3 61. g6 Kd4 62. g7 e5 63. g8=Q e4 64. Qd5+ Ke3 65.
Qxc5+ Kd3 66. Qd5+ Kc3 67. c5 e3 68. c6 e2 69. Qe5+ Kd2 70. Qxe2+ Kxe2 71. c7 Kf3 72. c8=Q Kg2 73. Qb7+ Kf2 74. Qb3 1-0

[Event "Late-Titled-Tuesday-Blitz-October-10-2023"]
[Site "Chess.com"]
[Date "2023.10.10"]
[Round "5"]
[White "jcibarra"]
[Black "GoltsevDmitry2000"]
[Result "0-1"]
[WhiteElo "2886"]
[BlackElo "2715"]
[TimeControl "180+1"]
[EndTime "14:54:04 PDT"]
[Termination "GoltsevDmitry2000 won on time"]

1. Nf3 d5 2. g3 g6 3. Bg2 Bg7 4. c4 dxc4 5. Qa4+ Qd7 6. Qxc4 Qc6 7. Na3 Qxc4 8. Nxc4 Nf6 9. d3 O-O 10. Bf4 Nd5 11. Bd2 c6 12. Rb1 Nd7 13. O-O N7b6 14. Na5 Na4 15. Nc4 Be6 16. Rfc1 Rfd8 17. Ng5 Bg4 18.
f3 Bc8 19. Ne4 Bd4+ 20. e3 Bg7 21. b3 Nab6 22. d4 h5 23. Kf1 Bh6 24. Ke2 Bf5 25. Rb2 Rac8 26. Na5 Rc7 27. Nc5 Bc8 28. e4 Bxd2 29.
Rxd2 Nf6 30. b4 Nfd7 31. Rcd1 Nxc5 32. dxc5 Rxd2+ 33. Rxd2 Nd7 34. Bh3 e6 35. Nc4 Kf8 36.
f4 Ke7 37. e5 b6 38. cxb6 Nxb6 39. Nd6 Ba6+ 40. Kd1 Nd5 41. a3 c5 42. b5 Bc8 43.
Kc2 Bd7 44. a4 c4 45. Rd4 c3 46. Re4 Bc8 47. Bf1 Bb7 48. Nxb7 Rxb7 49. Bc4 Rc7 50. Kb3 Rc5 51. Rd4 Nb6 52. Bd3 Rc7 53. a5 Nd5 54.
Bc4 Rc5 55. Rd3 f6 56. exf6+ Kxf6 57. Bxd5 exd5 58. Rxc3 Rxb5+ 59. Ka4 Rb2 60. Rc7 Rxh2 61. Rxa7 Rg2 62. Rb7 Rxg3 63. a6 Rg1 64. Rb3 Ra1+ 65.
Ra3 Rc1 66. a7 Rc8 67. Kb5 Ra8 68. Kc5 Kf5 69. Ra4 h4 70. Kxd5 h3 71. Kd4 h2 72. Ra1 Rxa7 73. Rh1 Rh7 74. Ke3 Kg4 75. Kf2 Kxf4 76. Kg2 Kg4 77. Kf2 Kh3 78. Kf3 Rf7+ 79. Ke3 Kg2 0-1

[Event "Late-Titled-Tuesday-Blitz-October-10-2023"]
[Site "Chess.com"]
[Date "2023.10.10"]
[Round "5"]
[White "Elsa167"]
[Black "Polish_fighter3000"]
[Result "1/2-1/2"]
[WhiteElo "2929"]
[BlackElo "3056"]
[TimeControl "180+1"]
[EndTime "14:54:10 PDT"]
[Termination "Game drawn - insufficient material"]

1. d4 Nf6 2. c4 g6 3. Nc3 d5 4. Nf3 Bg7 5. Bg5 Ne4 6. Bf4 Nxc3 7. bxc3 c5 8. cxd5 Qxd5 9. e3 Nc6 10. Be2 cxd4 11.
cxd4 Bf5 12. O-O O-O 13. Qa4 Qa5 14. Qxa5 Nxa5 15. Rfc1 Rfc8 16. Nd2 Bc2 17. Nc4 Nxc4 18. Rxc2 e5 19. Bxc4 exf4 20. Rac1 Re8 21. exf4 Bxd4 22. g3 Rad8 23. Bb3 Bb6 24. Kg2 Re7 25. Rc8 Rxc8 26. Rxc8+ Kg7 27. Rc2 h5 28. h4 Kf6 29. Kf3 Rd7 30.
Ke2 Bd4 31. Rd2 Re7+ 32. Kf3 Bc5 33. Rd5 b6 34. f5 gxf5 35. Bc2 Re5 36. Rxe5 Kxe5 37.
Bb3 Kf6 38. Ke2 b5 39. Bd5 a5 40. Bc6 b4 41. Ba4 f4 42. gxf4 Be7 43. Kf3 Kf5 44. Kg3 Kf6 45. Bd1 Bd6 46. Ba4 Kg6 47. Bc2+ f5 48. Kf3 Be7 49. Kg3 Bf6 50. Bd1 Be7 51. Bc2 Kf6 52. Bd1 Ke6 53. Bxh5 a4 54. Be2 Kd5 55. Bb5 b3 56. Bxa4 bxa2 57. Bb3+ Kd6 58. Bxa2 Bf6 59. h5 Bg7 60. Kh4 Bh6 61. Bb1 Ke7 62. Bxf5 Bxf4 63. Kg4 Bh6 64. Kf3 Kf6 65. Ke4 Bf8 66. f4 Bh6 67. Bg6 Bf8 68. f5 Bh6 69. Kd5 Bf8 70. Kc6 Bh6 71. Kd7 Bf8 72. Ke8 Bh6 73.
Kd7 Bg7 74. Kd8 Bh6 75. Ke8 Bg7 76. h6 Bxh6 77. Bf7 Bg7 78. Bg6 Bh6 79. Bf7 Bg5 80. Bg6 Bh4 81. Bf7 Bg3 82. Bg6 Bf4 83. Bf7 Be3 84.
Bg6 Bf2 85. Bf7 Be1 86. Bg6 Bd2 87. Kd7 Bc1 88. Kc6 Bb2 89. Kc5 Ba1 90. Kc4 Be5 91. Kb3 Bb8 92. Kc4 Ba7 93. Kd5 Bb8 94. Kc6 Bg3 95. Kb5 Bh4 96. Kc4 Ke5 97. Kd3 Bf6 98. Ke2 Kd6 99. Kf3 Ke7 100. Ke4 Kf8 101. Kd5 Ke7 102. Kc6 Be5 103. f6+ Kxf6 1/2-1/2